 Dungeon Crawl Stone Soup version 0.27-b1-23-g44b8eac545 (webtiles) character file.

Game seed: 12841019559681010855

617 pikapanic the Skirmisher (level 7, -12/58 HPs)
             Began as a Palentonga Berserker on July 27, 2021.
             Was a Priest of Trog.
             Blown up by a kobold (33 damage)
             ... with a mindburst bolt
             ... while paralysed by Grinder
             ... on level 4 of the Dungeon.
             The game lasted 00:13:27 (4579 turns).

pikapanic the Skirmisher (Palentonga Berserker)     Turns: 4579, Time: 00:13:28

Health: -12/58     AC: 23    Str: 22    XL:     7   Next: 21%
Magic:  7/7        EV:  1    Int:  7    God:    Trog [***...]
Gold:   123        SH:  0    Dex: 10    Spells: 6/6 levels left

rFire    . . .     SeeInvis +   h - +1 falchion (vamp)
rCold    . . .     Faith    .   (no shield)
rNeg     . . .     Spirit   .   j - +3 scale mail
rPois    .         Reflect  .   (no helmet)
rElec    .         Harm     .   s - +1 cloak
rCorr    .         Rampage  .   (no gloves)
Will     .....                  e - +0 barding {Fly}
Stlth    ..........             (no amulet)
HPRegen  0.19/turn              (no ring)
MPRegen  0.10/turn              (no ring)

@: paralysed, flying, curled up
A: large, rugged brown scales 3, see invisible, deformed body, roll 1, armoured
tail, reflexive curl
a: Rolling Charge, Renounce Religion, Berserk, Trog's Hand


You were on level 4 of the Dungeon.
You worshipped Trog.
Trog was most pleased with you.
You visited 1 branch of the dungeon, and saw 4 of its levels.

You collected 123 gold pieces.

Inventory:

Hand Weapons
 a - a +0 mace
 h - a +1 vampiric falchion (weapon)
 l - a +2 scythe of flaming
 r - a +2 quarterstaff of chaos
 v - a +2 flail of holy wrath
Armour
 b - a +0 animal skin
 d - a +0 ring mail
 e - a +0 barding of flying (worn)
 j - a +3 scale mail (worn)
 s - a +1 cloak (worn)
Wands
 k - a wand of polymorph (5)
 t - a wand of paralysis (6)
 u - a wand of digging (4)
Scrolls
 f - a scroll of identify
 m - a scroll of immolation {unknown}
 o - a scroll of teleportation
Potions
 c - a potion of heal wounds
 g - a potion of attraction {unknown}
 i - a potion of flight {unknown}
 n - a potion of invisibility {unknown}
 p - a potion of resistance {unknown}
 q - a potion of curing {unknown}


   Skills:
 + Level 4.6 Fighting
 * Level 4.4 Long Blades
 - Level 4.3 Maces & Flails
 + Level 3.4 Armour
 - Level 1.7 Dodging
 + Level 0.7 Unarmed Combat


You had 6 spell levels left.
You didn't know any spells.
Your spell library was empty.

Dungeon Overview and Level Annotations

Branches:
Dungeon (4/15)
 Temple: D:4-7

Altars:
Sif Muna

Annotations:
D:4 Grinder, Ijyb


Innate Abilities, Weirdness & Mutations

You are completely covered in rugged brown scales. (AC +3, +7% HP)
You have supernaturally acute eyesight. (SInv)
Armour fits poorly on your strangely shaped body.
You can roll at nearby foes to attack.
You have a long armoured tail.
You curl defensively after being hit.


Message History

The hound skeleton bites you. The hound skeleton barely misses you.
You riposte.
You hit the hound skeleton.
You destroy the hound skeleton!
Trog accepts your kill.
HP restored.
Found 19 stones.
You see here 19 stones.
Found 17 stones.
You see here 17 stones.
Found a dagger.
You now have 123 gold pieces (gained 17).
A kobold comes into view.
It is wielding a +0 dagger, quivering atropa-tipped darts and carrying a wand of mindburst (3).
The kobold shouts!
You hear a shout!
Ijyb the Twisted Goblin comes into view.
She is wielding a +0 dagger and carrying a wand of flame (23).
Ijyb shouts!
You hear a shout!
Grinder comes into view.
Ijyb moves out of view.
You roll forward with a clatter of scales!
You barely miss the kobold. The kobold hits you with a +0 dagger.
The kobold completely misses you.
Grinder blinks!
Ijyb screams, "Level is mine!
All mine!"
You hit the kobold but do no damage.
The kobold zaps a wand.
Your mind is blasted!
The kobold throws an atropa-tipped dart.
The atropa-tipped dart hits you!
You are confused.
Ijyb zaps a wand.
The puff of flame hits you but does no damage.
Grinder blinks!
You are too confused!
The kobold zaps a wand.
Your mind is blasted!
Grinder gestures at you.
You suddenly lose the ability to move!
You feel less confused. The kobold hits you but does no damage.
Grinder gestures at you. You resist with significant effort.
The kobold zaps a wand.
Your mind is blasted!
Ouch! That really hurt!
You die...

# ##.....#....
##....##.#..
####..)......#
#......##.##.#
#.###.## .# # #.#
.# #.# .#
.##.###.###.##
........@Kg..#.#.#
###.##...#........
#.#.........#
..5.....##.###
####.##### # #. #.
#.


You could see Grinder, Ijyb and a kobold.

Vanquished Creatures
  Sigmund (D:3)
  Edmund (D:4)
  Crazy Yiuf (D:3)
  Terence (D:3)
  Natasha (thrice) (D:3)
  An orc wizard (D:3)
  A hound skeleton (D:4)
  Robin (D:3)
  3 adders
  3 gnolls (D:2)
  A worm (D:2)
  A dart slug (D:3)
  7 orcs (D:3)
  6 ball pythons
  6 bats
  7 endoplasms
  2 giant cockroaches
  14 goblins
  5 hobgoblins
  17 jackals
  2 quokkas
  2 frilled lizards
  4 kobolds
  5 rats
  A spectral hobgoblin (D:1)
96 creatures vanquished.

Vanquished Creatures (others)
  2 fungi (D:3)
  14 plants (D:1)
16 creatures vanquished.

Grand Total: 112 creatures vanquished

Notes
Turn   | Place    | Note
-------+----------+-------------------------------------------
     0 | D:1      | pikapanic the Palentonga Berserker began the quest for the
                  | Orb.
     0 | D:1      | Reached XP level 1. HP: 19/19 MP: 1/1
   163 | D:1      | Reached XP level 2. HP: 25/25 MP: 2/2
   823 | D:1      | Found a faded altar of an unknown god.
  1001 | D:1      | Reached XP level 3. HP: 31/31 MP: 3/3
  1397 | D:2      | Reached XP level 4. HP: 24/39 MP: 4/4
  1474 | D:2      | Reached ** piety under Trog
  2702 | D:3      | Noticed Natasha
  2716 | D:3      | Killed Natasha
  2717 | D:3      | Reached XP level 5. HP: 11/44 MP: 5/5
  3150 | D:3      | Noticed Terence
  3164 | D:3      | Killed Terence
  3165 | D:3      | Reached skill level 1 in Long Blades
  3202 | D:3      | Noticed Sigmund
  3275 | D:3      | Killed Sigmund
  3276 | D:3      | Reached XP level 6. HP: 34/52 MP: 6/6
  3279 | D:3      | Identified a scroll of acquirement
  3280 | D:3      | Acquired a +0 barding of flying
  3577 | D:3      | Noticed Robin
  3605 | D:3      | Killed Robin
  3854 | D:3      | Found a shimmering blue altar of Sif Muna.
  3921 | D:3      | Noticed Natasha
  3925 | D:3      | Killed Natasha
  3925 | D:3      | Reached *** piety under Trog
  3940 | D:3      | Found a runed translucent door.
  3941 | D:3      | Noticed Crazy Yiuf
  4062 | D:3      | Noticed Natasha
  4068 | D:3      | Killed Natasha
  4306 | D:3      | Killed Crazy Yiuf
  4415 | D:4      | Noticed Edmund
  4437 | D:4      | Killed Edmund
  4438 | D:4      | Gained mutation: You curl defensively after being hit.
                  | [Palentonga growth]
  4438 | D:4      | Reached XP level 7. HP: 49/58 MP: 7/7
  4570 | D:4      | Noticed Ijyb
  4570 | D:4      | Noticed Grinder
  4577 | D:4      | Paralysed by Grinder for 3 turns
  4579 | D:4      | Blown up by a kobold

Illustrated notes

Levels and vault maps discovered:
D:1:      tarquinn_simple_flora_water_a, layout_loops_ring,
          dreamdust_ecumenical_altar_drowned_temple
D:2:      layout_loops_cross, ebering_dispersal_statue_hall
D:3:      layout_loops_ring, mainiacjoe_overflow_tiny_flanked, uniq_terence,
          uniq_natasha, uniq_robin, uniq_sigmund, uniq_crazy_yiuf_cottage
D:4:      layout_loops_ring, minmay_manual_mess, uniq_grinder, uniq_ijyb,
          uniq_blork_the_orc, uniq_edmund

Skill      XL: |  1  2  3  4  5  6 |
---------------+-------------------+-----
Armour         | 2 3 |  3.4
Maces & Flails | 4 |  4.3
Fighting       | 4 |  4.6
Long Blades    | 3 4 |  4.4
Dodging        | |  1.7
Unarmed Combat | |  0.7

Action                   |  1- 3 |  4- 6 |  7- 9 || total
-------------------------+-------+-------+-------++-------
Melee: Mace              |    96 |    37 |       ||   133
       Tailslap          |    11 |    18 |       ||    29
       Falchion          |       |   137 |    10 ||   147
       Unarmed           |       |    12 |       ||    12
Invok: Berserk           |     2 |     7 |       ||     9
       Trog's Hand       |       |     4 |       ||     4
 Abil: Rolling Charge    |    22 |    28 |     1 ||    51
  Use: Scroll            |     2 |     2 |       ||     4
Armor: Animal skin       |    40 |       |       ||    40
       Ring mail         |    14 |    53 |       ||    67
       Skin              |       |     2 |       ||     2
       Scale mail        |       |    85 |     9 ||    94
Dodge: Dodged            |    55 |   116 |     3 ||   174
       Rpst.: Falchion   |       |    22 |     1 ||    23
